 Dungeon Crawl Stone Soup version 0.32-a0-643-ga006e7742e (webtiles) character file.

Game seed: 547944269125099048

5110 IdlyInterested the Slicer (level 10, -7/76 HPs)
             Began as a Demonspawn Gladiator on Mar 7, 2024.
             Mangled by a yak (9 damage)
             ... on level 8 of the Dungeon.
             The game lasted 00:25:01 (6504 turns).

IdlyInterested the Slicer (Demonspawn Gladiator)    Turns: 6504, Time: 00:25:02

Health: -7/76      AC:  6    Str: 18    XL:     10   Next: 32%
Magic:  0/10       EV: 12    Int: 12    God:
Gold:   138        SH: 16    Dex: 18    Spells: 9/9 levels left

rFire   + . .        u - +9 short sword of the Furious {spect, rF+ Str+2 Int+4}
rCold   . . .        p - +0 kite shield
rNeg    . . .        C - +0 steam dragon scales
rPois   .            c - +0 helmet
rElec   .            (no cloak)
rCorr   .            (no gloves)
SInv    .            (no boots)
Will    .....        J - amulet of guardian spirit
Stlth   ++           (no ring)
HPRegen 0.32/turn    (no ring)
MPRegen 0.24/turn

%: guardian spirit
@: no status effects
A: large bone plates 2, magic regeneration, weakness stinger 2
a: no special abilities


You were on level 8 of the Dungeon.
You visited 2 branches of the dungeon, and saw 9 of its levels.

You collected 466 gold pieces.
You spent 328 gold pieces at shops.

Inventory:

Hand Weapons
 u - the +9 short sword of the Furious (weapon) {spect, rF+ Str+2 Int+4}
   (You found it on level 2 of the Dungeon)

   Str+2:     It affects your strength (+2).
   Int+4:     It affects your intelligence (+4).
   rF+:       It protects you from fire.
 N - a +0 vampiric short sword
 P - a +0 rapier
 S - a +0 scimitar
Missiles
 d - 2 throwing nets
 e - a javelin
 i - 18 poisoned darts
 w - 40 stones (quivered)
 O - a curare-tipped dart
 R - 3 boomerangs
Armour
 a - a +0 cloak
 b - a +0 plate armour
 c - a +0 helmet (worn)
 p - a +0 kite shield (worn)
 C - +0 steam dragon scales (worn)
 F - a +0 leather armour of cold resistance
 K - a +0 buckler
Jewellery
 D - a ring of ice
 J - an amulet of guardian spirit (around neck)
Talismans
 x - a granite talisman
 B - a serpent talisman
Wands
 E - a wand of polymorph (7)
 T - a wand of warping (6)
Scrolls
 g - 6 scrolls of vulnerability
 h - 2 scrolls of noise
 j - a scroll of teleportation
 l - 2 scrolls of summoning
 m - 3 scrolls of revelation
 n - a scroll of poison
 y - a scroll of acquirement
 A - 2 scrolls of immolation
 H - a scroll of enchant weapon
 L - 2 scrolls of fog
 Q - a scroll of amnesia {unknown}
Potions
 f - 3 potions of curing
 k - a potion of enlightenment {unknown}
 o - a potion of might {unknown}
 q - 2 potions of heal wounds {unknown}
 r - 2 potions of haste
 s - 2 potions of attraction
 t - a potion of brilliance {unknown}
 z - a potion of ambrosia {unknown}
 G - a potion of mutation {unknown}
 I - a potion of magic
 M - 3 potions of lignification


   Skills:
 - Level 6.0 Fighting
 - Level 9.5(10.0) Short Blades
 - Level 4.8(7.8) Long Blades
 - Level 2.0 Throwing
 - Level 3.0 Armour
 - Level 3.0 Dodging
 + Level 2.9 Stealth
 - Level 6.0 Shields
 - Level 2.0 Evocations


You had 9 spell levels left.
You didn't know any spells.
Your spell library contained the following spells:

 Spells                   Type           Power      Damage    Failure   Level
 Apportation              Tloc           0%         N/A       61%         1
 Freeze                   Ice            0%         1d3       61%         1
 Magic Dart               Conj           0%         1d3       61%         1
 Necrotise                Necr           0%         1d4       61%         1
 Sting                    Conj/Alch      0%         1d3       61%         1
 Summon Small Mammal      Summ           0%         N/A       61%         1
 Searing Ray              Conj           0%         2d4       75%         2
 Frozen Ramparts          Ice            0%         1d1       93%         3
 Hailstorm                Conj/Ice       0%         3d5       93%         3
 Fulminant Prism          Conj/Alch      0%         3d5       100%        4


Dungeon Overview and Level Annotations

Branches:
Dungeon (8/15)             Temple (1/1) D:4
   Lair: D:8-11

Altars:
Dithmenos
Gozag
Hepliaklqana
Kikubaaqudgha
Makhleb
Okawaru
Qazlal
Ru
Sif Muna
Trog
Uskayaw
Vehumet
Wu Jian
Xom
Yredelemnul

Shops:
D:2 (   D:5 *


Innate Abilities, Weirdness & Mutations

You are mostly covered in large bone plates. (SH +6)
You regenerate magic rapidly.
You have a tail ending in a sharp stinger.


Message History

The yak is almost dead.
Your +9 short sword of the Furious {spect, rF+ Str+2 Int+4} hits the yak!
You kill the yak!
The yak gores your +9 short sword of the Furious {spect, rF+ Str+2 Int+4}.
Your spectral weapon shares its damage with you!
* * * LOW HITPOINT WARNING * * *
Training target 3.0 for Armour reached!
Your Armour skill increases to level 3!
You need to enable at least one skill for training.
You puncture the yak! You tail-slap the yak.
The yak is moderately wounded.
Your +9 short sword of the Furious {spect, rF+ Str+2 Int+4} hits the yak.
You block the yak's attack.
The yak closely misses your +9 short sword of the Furious {spect, rF+ Str+2 Int+4}.
You completely miss the yak.
The yak is moderately wounded.
Your +9 short sword of the Furious {spect, rF+ Str+2 Int+4} hits the yak.
You hit the yak.
The yak is moderately wounded.
Your +9 short sword of the Furious {spect, rF+ Str+2 Int+4} hits the yak.
The yak gores your +9 short sword of the Furious {spect, rF+ Str+2 Int+4} but does no damage.
The yak gores your +9 short sword of the Furious {spect, rF+ Str+2 Int+4}!
Your spectral weapon shares its damage with you!
* * * LOW HITPOINT WARNING * * *
You puncture the yak! You tail-slap the yak.
The yak is severely wounded.
Your +9 short sword of the Furious {spect, rF+ Str+2 Int+4} barely misses the yak.
The yak gores you!
* * * LOW HITPOINT WARNING * * *
The yak gores your +9 short sword of the Furious {spect, rF+ Str+2 Int+4}!!
Your spectral weapon shares its damage with you!
Your +9 short sword of the Furious {spect, rF+ Str+2 Int+4} disappears.
* * * LOW HITPOINT WARNING * * *
As you read the scroll of fear, it crumbles to dust.
You assume a fearsome visage.
The yak looks frightened! x2
The yak resists with some effort.
The yak looks frightened! x2
You block the yak's attack.
As you read the scroll of summoning, it crumbles to dust.
Wisps of shadow whirl around you... The yak gores you!
You die...

....................Y..........+
..............Y.......))....<..#
##......###'###.....)...)......#
###.##.#.....#Y...............#
#.###.#.....#....Y............
##..# #.#.._..#.#...z.........##
...# #.#.....#5#..Y.........##
..# #.#.....#.YY..z.......## ).#
##.#######.@.z......#.##
.)####.....Y.....h......##.#
..>...........Y.Yz......#
)........>....Y..z.....#
#.)..######............# #....#
#.............# ........
..............#
........................
...#######


You could see 6 yaks, 4 friendly yaks, a friendly howler monkey (summoned), 5
friendly wights and a friendly white imp (summoned).

Vanquished Creatures
  Pikel (D:8)
  Maurice (D:8)
  A wyvern (D:7)
  7 yaks
  A steam dragon (D:4)
  The ghost of Malificent the Charlatan, an amateur CoAr (D:3)
  Menkaure (D:5)
  Edmund (D:5)
  4 black bears
  2 sky beasts
  2 centaurs
  The ghost of dialectric the Poker, an amateur CoGl (D:3)
  3 ogres
  The ghost of Jigsaw the Conjurer, an amateur GnCj (D:3)
  A phantom (D:5)
  A bullfrog (D:7)
  2 kobold brigands (D:7)
  2 scorpions
  5 wights (D:8)
  4 bombardier beetles
  A howler monkey (D:5)
  4 hounds
  2 jellies
  A sleepcap (D:7)
  3 iguanas
  Natasha (thrice) (D:2)
  2 orc wizards (D:8)
  11 gnolls
  3 adders
  3 white imps
  3 ribbon worms
  2 dart slugs
  13 orcs
  7 endoplasms
  2 giant cockroaches (D:1)
  5 hobgoblins
  8 jackals
  5 quokkas
  5 ball pythons
  2 bats (D:1)
  4 frilled lizards
  6 goblins
  16 kobolds
  2 rats
155 creatures vanquished.

Vanquished Creatures (collateral kills)
  A bombardier beetle (D:5)
1 creature vanquished.

Vanquished Creatures (others)
  A hobgoblin (D:4)
  A spectral weapon (D:8)
2 creatures vanquished.

Grand Total: 158 creatures vanquished

Notes
Turn   | Place    | Note
-------+----------+-------------------------------------------
     0 | D:1      | IdlyInterested the Demonspawn Gladiator began the quest for
                  | the Orb.
     0 | D:1      | Reached XP level 1. HP: 16/16 MP: 1/1
    62 | D:1      | You fall into a shaft and drop 1 floor!
   204 | D:2      | Gained mutation: You are partially covered in large bone
                  | plates. (SH +4) [demonic ancestry]
   204 | D:2      | Reached XP level 2. HP: 21/22 MP: 2/2
   211 | D:2      | Noticed Natasha
   217 | D:2      | Killed Natasha
   218 | D:2      | Gained mutation: You are mostly covered in large bone
                  | plates. (SH +6) [demonic ancestry]
   218 | D:2      | Reached XP level 3. HP: 14/27 MP: 3/3
   234 | D:2      | Noticed Natasha
   243 | D:2      | HP: 1/27 [Natasha (3)]
   245 | D:2      | Killed Natasha
   246 | D:2      | Reached skill level 1 in Shields
   446 | D:1      | Gained mutation: You regenerate magic rapidly. [demonic
                  | ancestry]
   446 | D:1      | Reached XP level 4. HP: 33/33 MP: 4/4
  1072 | D:2      | Found Guxiam's Weapon Shoppe.
  1079 | D:2      | Noticed Natasha
  1085 | D:2      | Killed Natasha
  1086 | D:2      | Reached skill level 1 in Stealth
  1156 | D:2      | Identified the +9 short sword of the Furious {spect, rF+
                  | Str+2 Int+4}
  1511 | D:3      | Reached skill level 1 in Short Blades
  1511 | D:3      | Reached skill level 1 in Armour
  1511 | D:3      | Gained mutation: You have a small tail. [demonic ancestry]
  1511 | D:3      | Reached XP level 5. HP: 38/38 MP: 5/5
  1554 | D:3      | Found a runed translucent gate.
  1555 | D:3      | Found a runed translucent gate.
  1878 | D:3      | Found a runed translucent gate.
  1878 | D:3      | Noticed Malificent's ghost (amateur CoAr)
  1879 | D:3      | Noticed Jigsaw's ghost (amateur GnCj)
  1879 | D:3      | Noticed dialectric's ghost (amateur CoGl)
  1939 | D:3      | Noticed a black bear
  1947 | D:3      | Killed a black bear
  1948 | D:3      | Reached skill level 2 in Short Blades
  1952 | D:3      | Reached XP level 6. HP: 46/46 MP: 6/6
  2203 | D:3      | Found a hazy altar of Hepliaklqana.
  2363 | D:3      | Killed Malificent's ghost
  2364 | D:3      | Reached skill level 3 in Short Blades
  2372 | D:3      | Killed Jigsaw's ghost
  2379 | D:3      | Killed dialectric's ghost
  2380 | D:3      | Reached XP level 7. HP: 51/54 MP: 7/7
  2582 | D:4      | Reached skill level 4 in Short Blades
  2676 | D:4      | Found a staircase to the Ecumenical Temple.
  2683 | Temple   | Entered the Ecumenical Temple
  2930 | D:4      | Noticed a steam dragon
  2940 | D:4      | Killed a steam dragon
  3021 | D:4      | Reached skill level 5 in Short Blades
  3755 | D:5      | Entered Level 5 of the Dungeon
  3757 | D:5      | Noticed Menkaure
  3760 | D:5      | Noticed Edmund
  3764 | D:5      | Killed Menkaure
  3768 | D:5      | Reached XP level 8. HP: 29/60 MP: 8/8
  3802 | D:5      | Killed Edmund
  3810 | D:5      | Reached skill level 6 in Short Blades
  3815 | D:5      | Reached skill level 1 in Evocations
  3994 | D:5      | Identified a scroll of acquirement
  4008 | D:5      | Found a shimmering blue altar of Sif Muna.
  4472 | D:5      | Found Xaunus's General Store.
  4503 | D:5      | Found a stormy altar of Qazlal.
  4778 | D:5      | Reached skill level 7 in Short Blades
  4805 | D:5      | Bought a scroll of enchant weapon for 97 gold pieces
  4805 | D:5      | Bought a potion of curing for 39 gold pieces
  4805 | D:5      | Bought a potion of magic for 104 gold pieces
  4978 | D:6      | Gained mutation: You have a tail ending in a sharp stinger.
                  | [demonic ancestry]
  4978 | D:6      | Reached XP level 9. HP: 62/65 MP: 9/9
  5320 | D:6      | Reached skill level 8 in Short Blades
  5415 | D:6      | Found a burning altar of Makhleb.
  5577 | D:7      | Found a faded altar of an unknown god.
  5610 | D:7      | Reached skill level 9 in Short Blades
  5709 | D:7      | Found a shadowy altar of Dithmenos.
  5845 | D:7      | Reached skill level 5 in Fighting
  6126 | D:5      | Bought 2 potions of lignification for 78 gold pieces
  6126 | D:5      | Bought 8 stones for 10 gold pieces
  6245 | D:8      | Found an opulent altar of Gozag.
  6266 | D:8      | Noticed Pikel
  6278 | D:8      | Killed Pikel
  6301 | D:8      | Reached XP level 10. HP: 76/76 MP: 10/10
  6323 | D:8      | Found an ornate altar of the Wu Jian Council.
  6418 | D:8      | Noticed Maurice
  6433 | D:8      | Reached skill level 5 in Shields
  6452 | D:8      | Killed Maurice
  6501 | D:8      | HP: 3/76 [yak (9)]
  6501 | D:8      | HP: 1/76 [yak (2)]
  6504 | D:8      | Mangled by a yak

Illustrated notes

Levels and vault maps discovered:
D:1:      amcnicky_arrival_wind_blow, layout_loops_ring, chequers_garden,
          minmay_tall_x
D:2:      layout_loops_cross, serial_shops, shop_statue, uniq_natasha
D:3:      layout_loops_corners, nicolae_hepliaklqana_hippocampus,
          gammafunk_ghost_cemetery, minmay_misc_feat_tower,
          kennysheep_cross_bottleneck
D:4:      nicolae_cairo_tiling_very_big, layout_loops_ring,
          nicolae_elyvilon_temple_path, temple_green, serial_co_window_serial,
          co_window_paths_b, co_window_corner_a, co_window_corner_a,
          co_window_of_opportunity_a, co_window_paths_a,
          co_window_of_opportunity_b, co_window_of_opportunity_c,
          co_window_corner_b, co_window_of_opportunity_c, glass_columns_a,
          glass_columns_b
D:5:      layout_basic, tso_metal_star, nicolae_overflow_hidden_temple,
          nicolae_qazlal_eye_of_the_storm, serial_shops, shop, uniq_edmund,
          uniq_menkaure
D:6:      layout_cave_pools, grunt_temple_overflow_order_and_chaos_2
D:7:      layout_cave_pools, mainiacjoe_overflow_concentric_impassable,
          serial_column_ruins, column_ruins_hut, column_ruins_temple_hut,
          column_ruins_corridor_straight, column_ruins_open_small,
          column_ruins_grid_1, column_ruins_open_small
D:8:      layout_layer_cave, mainiacjoe_overflow_24_doors,
          amcnicky_altar_gilded, cheibrodos_ashenzari_chains,
          grunt_gozag_statues, grunt_tough_drop, uniq_pikel, uniq_maurice
Temple:   hellmonk_temple_rainy

Skill      XL: |  1  2  3  4  5  6  7  8  9 10 |
---------------+-------------------------------+-----
Throwing       | 2 |  2.0
Long Blades    | 3 4 |  4.8
Dodging        | 3 |  3.0
Shields        | 1 3 4 6 |  6.0
Stealth        | 1 2 |  2.9
Short Blades   | 1 2 3 5 7 9 |  9.5
Armour         | 1 2 3 |  3.0
Fighting       | 4 6 |  6.0
Evocations     | 2 |  2.0

Action                     |  1- 3 |  4- 6 |  7- 9 | 10-12 || total
---------------------------+-------+-------+-------+-------++-------
  Melee: Long sword        |    49 |    32 |       |       ||    81
         Short sword       |       |    72 |   212 |    65 ||   349
         Tailslap          |       |     6 |    37 |    10 ||    53
  Throw: Dart              |     1 |       |       |       ||     1
         Stone             |       |       |     8 |     5 ||    13
         Throwing net      |       |       |     1 |       ||     1
    Use: Scroll            |       |       |    12 |     4 ||    16
         Potion            |       |       |       |     2 ||     2
   Stab: Held in net/web   |       |       |     2 |       ||     2
         Distracted        |       |       |     3 |     1 ||     4
         Sleeping          |       |       |     1 |       ||     1
 Armour: Leather armour    |    30 |    22 |       |       ||    52
         Ring mail         |       |    14 |    12 |       ||    26
         Steam dragon scal |       |       |    43 |    19 ||    62
  Dodge: Dodged            |    14 |    36 |    37 |    12 ||    99
  Block: Other             |     9 |     8 |       |       ||    17
         Kite shield       |       |    42 |   104 |    54 ||   200
         Buckler           |       |       |     3 |       ||     3

Table legend: (Time is in decaauts)
 A = Elapsed time spent in this place.
 B = Non-inter-level travel time spent in this place.
 C = Inter-level travel time spent in this place.
 D = Time resting spent in this place.
 E = Time spent auto-exploring this place.
 F = Levels seen in this place.
 G = Mean time per level.
                   A        B        C        D        E       F      G
               +--------+--------+--------+--------+--------+-----+--------+
         Total |   6445 |   5780 |    665 |    339 |   3965 |   9 |  716.1 |
       Dungeon |   6419 |   5775 |    644 |    339 |   3965 |   8 |  802.4 |
        Temple |     25 |      4 |     21 |      0 |      0 |   1 |   25.0 |
               +--------+--------+--------+--------+--------+-----+--------+

Top non-repeatable levels by time:
     D:5: 1195 daAuts
     D:4: 1129 daAuts
     D:3: 1109 daAuts
     D:2: 764 daAuts
     D:1: 750 daAuts
     D:6: 684 daAuts
     D:7: 514 daAuts
     D:8: 270 daAuts
  Temple: 25 daAuts
